 Dungeon Crawl Stone Soup version 0.19.4-10-g532645f (webtiles) character file.

422 JNO the Sneak (level 6, -2/39 HPs)
             Began as a High Elf Hunter on Feb 24, 2017.
             Slain by Menkaure (17 damage)
             ... on level 4 of the Dungeon.
             The game lasted 00:22:59 (4989 turns).

JNO the Sneak (High Elf Hunter)                     Turns: 4989, Time: 00:22:59

Health: -2/39      AC:  4    Str: 11    XL:     6   Next: 63%
Magic:  8/8        EV: 13    Int: 15    God:
Gold:   125        SH:  0    Dex: 18    Spells: 0 memorised, 5 levels left

rFire  . . .     SeeInvis .     b - +6 dagger
rCold  . . .     Gourm    .     i - +1 leather armour
rNeg   . . .     Faith    +     (no shield)
rPois  .         Spirit   .     (no helmet)
rElec  .         Reflect  .     (no cloak)
rCorr  .         Harm     .     (no gloves)
MR     .....                    (no boots)
Stlth  +++.......               w - amulet of faith
                                (no ring)
                                (no ring)

@: very slightly contaminated, hasted, very quick
A: no striking features
a: no special abilities


You were on level 4 of the Dungeon.
You were hungry.

You visited 1 branch of the dungeon, and saw 4 of its levels.

You collected 255 gold pieces.
You spent 130 gold pieces at shops.

Inventory:

Hand Weapons
 a - a +1 shortbow
 b - a +6 dagger (weapon)
Missiles
 y - 95 stones (quivered)
 F - 38 arrows
Armour
 i - a +1 leather armour (worn)
 v - a +0 scale mail of positive energy
Jewellery
 w - an amulet of faith (around neck)
Wands
 d - a wand of flame (25/48)
 B - a wand of digging (24/24)
Scrolls
 c - a scroll of identify
 C - a scroll of teleportation
Potions
 h - a potion of degeneration {unknown}
 n - 2 potions of might
 o - a potion of curing
 q - 2 potions of agility {unknown}
 r - a potion of magic {unknown}
 s - a potion of invisibility {unknown}
 t - a potion of lignification {unknown}
 z - 3 potions of cancellation
Comestibles
 f - 4 bread rations
 g - a meat ration
 j - a royal jelly


   Skills:
 - Level 2.0 Fighting
 + Level 3.4 Short Blades
 - Level 5.3 Bows
 + Level 1.2 Armour
 + Level 2.9 Dodging
 - Level 6.0 Stealth
 + Level 2.2 Evocations


You had 5 spell levels left.
You didn't know any spells.

Dungeon Overview and Level Annotations

Branches:
Dungeon (4/15)
 Temple: D:4-7

Altars:
Okawaru

Shops:
D:4 !

Annotations:
D:3 Robin, Sigmund
D:4 Menkaure


Message History

Menkaure mumbles some strange words.
Menkaure seems to speed up.
You barely miss Menkaure.
Menkaure is lightly damaged.
Menkaure hits you! Menkaure barely misses you.
Menkaure calls on the powers of darkness!
Your body is wracked with pain!
Menkaure screams, "Why can't you leave me to my rest?"
You feel yourself speed up.
Menkaure points at you and mumbles some strange words.
Pain shoots through your body!
* * * LOW HITPOINT WARNING * * *
You are very lightly contaminated with residual magic.
You feel better. Menkaure hits you.
You puncture Menkaure!
Menkaure is moderately damaged.
Menkaure mumbles in an indecipherable tongue.
Menkaure hits you!
You die...

##.#####,* #.# *.# *
........,* #.# *,# *
##.#####** #.# *,*##*****
*,# #######.# *,..,,,,,,
*,******#####.......#
*,.#******
*,,,,,,,........##### *..#
********#####.#.#######..*
#,#.##...#.#,###
#,#@#.###.###..*
##.#.M#####.#.#,*
#........#....#,*
#..#......∩...#,*
#..###.#.#.####,* #.,*
##...## *,* #..# ##.## *,*
#..# #.# *,* #### #..# #.#
*,*


You could see Menkaure.

Vanquished Creatures
  A scorpion (D:4)
  2 orc wizards (D:4)
  Natasha (twice) (D:3)
  3 worker ants (D:4)
  6 gnolls
  4 adders
  An ooze (D:4)
  2 worms
  3 dart slugs
  A leopard gecko (D:1)
  4 orcs
  9 bats
  2 giant cockroaches
  9 goblins
  14 hobgoblins
  8 jackals (D:2)
  7 kobolds (D:2)
  3 quokkas
  5 frilled lizards
  6 rats
92 creatures vanquished.

Notes
Turn   | Place    | Note
-------+----------+-------------------------------------------
     0 | D:1      | JNO the High Elf Hunter began the quest for the Orb.
     0 | D:1      | Reached XP level 1. HP: 14/14 MP: 2/2
    55 | D:1      | Reached skill level 2 in Stealth
   137 | D:1      | Reached XP level 2. HP: 19/19 MP: 3/3
   563 | D:1      | Reached skill level 3 in Stealth
   630 | D:1      | Reached XP level 3. HP: 24/24 MP: 4/4
   813 | D:1      | Reached skill level 4 in Stealth
   926 | D:2      | Found an iron altar of Okawaru.
   958 | D:2      | Reached XP level 4. HP: 16/29 MP: 5/5
  1199 | D:2      | Reached skill level 5 in Stealth
  1972 | D:2      | Reached XP level 5. HP: 34/34 MP: 6/6
  2226 | D:3      | Reached skill level 6 in Stealth
  2487 | D:3      | Noticed Sigmund
  2575 | D:3      | Reached skill level 1 in Short Blades
  2576 | D:3      | Noticed Robin
  2975 | D:3      | Noticed Natasha
  3172 | D:3      | Killed Natasha
  3172 | D:3      | Reached skill level 1 in Evocations
  3775 | D:3      | Noticed Natasha
  3781 | D:3      | Killed Natasha
  4051 | D:4      | Reached XP level 6. HP: 20/39 MP: 8/8
  4655 | D:4      | Reached skill level 1 in Armour
  4947 | D:4      | Found Saqyela's Distillery.
  4961 | D:4      | Bought a potion of curing for 30 gold pieces
  4961 | D:4      | Bought a potion of haste for 100 gold pieces
  4968 | D:4      | Noticed Menkaure
  4989 | D:4      | Slain by Menkaure

Skill      XL: |  1  2  3  4  5  6 |
---------------+-------------------+-----
Stealth        | 2 3 4 5 6 |  6.0
Short Blades   | 2 3 |  3.4
Evocations     | 2 |  2.2
Armour         | 1 |  1.2
Fighting       | |  2.0
Bows           | |  5.3
Dodging        | |  2.9

Action                   |  1- 3 |  4- 6 || total
-------------------------+-------+-------++-------
Melee: Short sword       |    39 |    85 ||   124
       Dagger            |       |    98 ||    98
 Fire: Shortbow          |    61 |    55 ||   116
  Use: Scroll            |       |    12 ||    12
       Potion            |       |     4 ||     4
 Stab: Distracted        |     1 |       ||     1
       Sleeping          |       |     5 ||     5
  Eat: Chunk             |       |     7 ||     7
       Royal jelly       |       |     1 ||     1
       Pizza             |       |     1 ||     1
       Beef jerky        |       |     1 ||     1
Armor: Leather armour    |    16 |    32 ||    48
       Scale mail        |       |    19 ||    19
Dodge: Dodged            |    49 |   119 ||   168
